 Dungeon Crawl Stone Soup version 0.29-a0-997-gf6f7e2dfe7 (webtiles) character file.

Game seed: 15459319770900124229

691 porpoise the Trooper (level 7, -2/55 HPs)
             Began as a Djinni Air Elementalist on Aug 5, 2022.
             Was an Initiate of Makhleb.
             Slain by an ice beast (18 damage)
             ... on level 5 of the Dungeon.
             The game lasted 00:24:33 (5541 turns).

porpoise the Trooper (Djinni Air Elementalist)      Turns: 5541, Time: 00:24:34

Health: -2/55      AC:  2    Str:  7    XL:     7   Next: 95%
Gold:   186        EV: 12    Int: 18    God:    Makhleb [......] SH:  4 Dex: 14

rFire   + + .      SeeInvis .   a - +0 dagger (elec)
rCold   x . .      Faith    .   n - +1 buckler
rNeg    . . .      Spirit   .   d - +0 robe
rPois   ∞          Reflect  .   (no helmet)
rElec   .          Harm     .   (no cloak)
rCorr   .          Rampage  .   (no gloves)
Will    .....                   (boots unavailable)
Stlth   ++........              (no amulet)
HPRegen 0.18/turn               (no ring)
MPRegen 0.00/turn               (no ring)

@: flying
A: sickness immunity, fire resistance 2, cold vulnerability 1, float, innate
caster, HP casting, extra vitality 1
a: Renounce Religion


You were on level 5 of the Dungeon.
You worshipped Makhleb.
Makhleb was noncommittal.
You visited 2 branches of the dungeon, and saw 6 of its levels.

You collected 186 gold pieces.

Inventory:

Hand Weapons
 a - a +0 dagger of electrocution (weapon)
 b - a +0 sling
 l - a +0 trident
 u - a +0 dagger of venom
Missiles
 k - 12 poisoned darts
 r - 6 boomerangs of dispersal
Armour
 d - a +0 robe (worn)
 i - an orb of light
 n - a +1 buckler (worn)
Magical Staves
 g - a staff of earth
Jewellery
 f - a +6 ring of intelligence
Wands
 s - a wand of mindburst (6)
 v - a wand of roots (7)
Scrolls
 c - 4 scrolls of enchant armour
 j - a scroll of fog {unknown}
 o - a scroll of immolation
 p - a scroll of torment
 w - a scroll of enchant weapon {unknown}
 y - a scroll of summoning {unknown}
Potions
 e - a potion of curing
 h - a potion of attraction
 q - 2 potions of haste
 t - a potion of might {unknown}
 x - a potion of brilliance {unknown}
 z - a potion of heal wounds


   Skills:
 + Level 5.8 Fighting
 - Level 2.1 Dodging
 - Level 1.5 Stealth
 + Level 4.8 Spellcasting


You couldn't memorise any spells.
You knew the following spells:

 Your Spells              Type           Power      Damage    Failure   Level
a - Shock                 Conj/Air       84%        1d8       2%          1
b - Static Discharge      Conj/Air       21%        3-6/arc   3%          2
c - Swiftness             Air            21%        N/A       8%          3
d - Airstrike             Air            10%        2d(2-18)  26%         4
e - Apportation           Tloc           42%        N/A       2%          1
f - Scorch                Fire           42%        2d7       3%          2
g - Conjure Flame         Conj/Fire      21%        6-21      8%          3
Your spell library was empty.

Dungeon Overview and Level Annotations

Branches:
Dungeon (5/15)             Temple (1/1) D:5

Altars:
Ashenzari
Cheibriados
Dithmenos
Makhleb
Zin
The Shining One

Shops:
D:2 *


Innate Abilities, Weirdness & Mutations

You are immune to sickness and miasma.
You are immune to poison.
Your flesh is very heat resistant. (rF++)
You are vulnerable to cold. (rC-)
You float through the air rather than walking.
You learn spells naturally, not from books.
Your magical power is your life essence.
You have superior vitality. (+4 MHP)


Message History

Casting: Airstrike (quite dangerous; 26% risk of failure)
Confirm with . or Enter, or press ? or * to list all spells.
You can't see any susceptible monsters within range! (Use Z to cast anyway.)
Casting: Airstrike (quite dangerous; 26% risk of failure)
Confirm with . or Enter, or press ? or * to list all spells.
Flames lash the orc priest but do no damage.
You hear an angry hiss.
Casting: Scorch (safe; 3% risk of failure)
Confirm with . or Enter, or press ? or * to list all spells.
Flames lash the orc priest.
The orc priest is severely wounded.
The orc priest's fire resistance burns away.
The orc priest looks braver for a moment.
Casting: Scorch (safe; 3% risk of failure)
Confirm with . or Enter, or press ? or * to list all spells.
Flames lash the orc priest but do no damage.
An adder comes into view.
Casting: Scorch (safe; 3% risk of failure)
Confirm with . or Enter, or press ? or * to list all spells.
Flames lash the ice beast.
The ice beast melts!
The ice beast is moderately wounded.
The ice beast's fire resistance burns away.
The orc priest casts a cantrip, but nothing happens.
Unknown command.
Casting: Scorch (safe; 3% risk of failure)
Confirm with . or Enter, or press ? or * to list all spells.
Flames lash the ice beast.
The ice beast melts!
The ice beast is heavily wounded.
The ice beast hits you. The ice beast freezes you!!
You feel a terrible chill! The orc closely misses you.
The orc priest hits you with a +0 dagger.
Casting: Scorch (safe; 3% risk of failure)
Confirm with . or Enter, or press ? or * to list all spells.
Flames lash the orc priest.
The orc priest is burned terribly!
You kill the orc priest!
Makhleb accepts your kill. The ice beast hits you.
* * * LOW HITPOINT WARNING * * *
The ice beast freezes you!!
You feel a terrible chill!
You die...

...# #..# #......≈≈≈≈≈......#
....## #.# #....≈≈≈≈≈≈≈≈≈....#
.......#..###..≈≈≈≈≈≈≈≈≈≈≈≈≈..#
...#......[...≈≈≈≈≈≈≈≈≈≈≈≈≈≈≈.#
..####........≈≈≈≈≈≈...≈≈≈≈≈≈.###
.## ##..###..≈≈≈≈≈≈.>.≈≈≈≈≈≈....
.# ###...# #..≈≈≈≈≈≈...≈≈≈≈≈≈....
..#.......###..≈≈≈≈≈≈≈≈~~≈≈≈..#
...........#...)@≈≈≈≈≈≈≈≈~....#
...#.........Yo.≈≈≈≈≈[.....#
#........S...........[.....#
#.............###.........##
##..#..#.....## ##.......## #.
#..#.#....# #..##..## #
...........# #.####..#
..####.####.# ... #.# ... .... .#
.... ..#


You could see an ice beast (combustible), an adder and an orc.

Vanquished Creatures
  Grinder (D:3)
  An ice beast (D:5)
  A necrophage (D:4)
  A jelly (D:5)
  A hound (D:4)
  2 orc priests
  4 orc wizards
  4 gnolls (D:3)
  5 adders
  A shadow imp (D:5)
  2 worms
  2 dart slugs
  10 orcs
  4 endoplasms
  A giant cockroach (D:2)
  7 goblins
  5 hobgoblins
  6 ball pythons
  6 bats
  3 frilled lizards
  10 kobolds
  2 rats
79 creatures vanquished.

Notes
Turn   | Place    | Note
-------+----------+-------------------------------------------
     0 | D:1      | porpoise the Djinni Air Elementalist began the quest for
                  | the Orb.
     0 | D:1      | porpoise set off with the following spells memorised:
                  | Shock, Static Discharge, Swiftness, Airstrike.
     0 | D:1      | Reached XP level 1. HP: 15/15 MP: 0/0
   293 | D:1      | Reached skill level 1 in Fighting
   308 | D:1      | Reached XP level 2. HP: 21/22 MP: 0/0
   955 | D:1      | Reached XP level 3. HP: 27/28 MP: 0/0
   955 | D:1      | Learned a level 1 spell: Apportation
  1015 | D:1      | Reached skill level 2 in Fighting
  1216 | D:2      | Found Facibbem's General Store.
  1430 | D:2      | Found a faded altar of an unknown god.
  2035 | D:2      | Reached XP level 4. HP: 27/34 MP: 0/0
  2377 | D:3      | Reached skill level 3 in Fighting
  2629 | D:3      | Reached XP level 5. HP: 30/40 MP: 0/0
  2629 | D:3      | Learned a level 2 spell: Scorch
  2880 | D:3      | Noticed Grinder
  2896 | D:3      | Paralysed by Grinder for 3 turns
  2900 | D:3      | HP: 2/40 [Grinder (4)]
  2901 | D:3      | Killed Grinder
  2902 | D:3      | Reached skill level 4 in Fighting
  2902 | D:3      | Reached XP level 6. HP: 2/48 MP: 0/0
  4020 | D:4      | Reached XP level 7. HP: 49/53 MP: 0/0
  4020 | D:4      | Learned a level 3 spell: Conjure Flame
  4077 | D:4      | Reached skill level 5 in Fighting
  4533 | D:5      | Entered Level 5 of the Dungeon
  5122 | D:5      | Found a staircase to the Ecumenical Temple.
  5184 | Temple   | Entered the Ecumenical Temple
  5516 | Temple   | Became a worshipper of Makhleb the Destroyer
  5541 | D:5      | Slain by an ice beast

Illustrated notes

Levels and vault maps discovered:
D:1:      minmay_arrival_four_houses, layout_loops_cross,
          nicolae_figureground_pulse
D:2:      layout_rooms, serial_shops, nicolae_shop_stone,
          hellmonk_ecumenical_altar_blasted
D:3:      layout_rooms, uniq_grinder
D:4:      layout_basic
D:5:      layout_layer_cave, mainiacjoe_overflow_tiny_flanked, kennysheep_mini,
          old_standard_altar, temple_pool_b
Temple:   nicolae_temple_ecumenical_triangle

Skill      XL: |  1  2  3  4  5  6  7 |
---------------+----------------------+-----
Fighting       | 1 2 3 4 5 |  5.8
Spellcasting   | 3 4 |  4.8
Dodging        | |  2.1
Stealth        | |  1.5

Action                   |  1- 3 |  4- 6 |  7- 9 || total
-------------------------+-------+-------+-------++-------
Melee: Unarmed           |     1 |       |       ||     1
       Dagger            |       |       |    10 ||    10
       Short sword       |       |       |     2 ||     2
 Fire: Sling             |       |    11 |     1 ||    12
 Cast: Shock             |    65 |    43 |    15 ||   123
       Scorch            |       |    11 |    33 ||    44
  Use: Scroll            |       |     4 |     4 ||     8
       Potion            |       |       |     2 ||     2
Armor: Robe              |     4 |     3 |     4 ||    11
Dodge: Dodged            |    11 |    19 |    16 ||    46
Block: Buckler           |       |     2 |     6 ||     8

Table legend: (Time is in decaauts)
 A = Elapsed time spent in this place.
 B = Non-inter-level travel time spent in this place.
 C = Inter-level travel time spent in this place.
 D = Time resting spent in this place.
 E = Time spent auto-exploring this place.
 F = Levels seen in this place.
 G = Mean time per level.
                   A        B        C        D        E       F      G
               +--------+--------+--------+--------+--------+-----+--------+
         Total |   5542 |   5397 |    145 |   2774 |   1965 |   6 |  923.7 |
       Dungeon |   5198 |   5066 |    132 |   2496 |   1931 |   5 | 1039.6 |
        Temple |    344 |    331 |     13 |    278 |     34 |   1 |  344.0 |
               +--------+--------+--------+--------+--------+-----+--------+

Top non-repeatable levels by time:
     D:3: 1287 daAuts
     D:1: 1215 daAuts
     D:2: 1153 daAuts
     D:4: 878 daAuts
     D:5: 664 daAuts
  Temple: 344 daAuts
